 Dungeon Crawl Stone Soup version 0.29-a0-577-gafbf2c5d25 (webtiles) character file.

Game seed: 1582261624437928746

34 DocClef the Sneak (level 3, 0/27 (31) HPs)
             Began as a Draconian Delver on June 13, 2022.
             Slain by an orc
             ... wielding a +1 morningstar of draining
              (4 damage)
             ... on level 4 of the Dungeon.
             The game lasted 00:00:18 (119 turns).

DocClef the Sneak (Draconian Delver)                 Turns: 119, Time: 00:00:18

HP:   0/27 (31)     AC:  5    Str: 14    XL:     3   Next: 14%
MP:   3/3           EV: 12    Int: 10    God:
Gold: 18            SH:  0    Dex: 14    Spells: 2/2 levels left

rFire   . . .      SeeInvis .   a - +0 short sword
rCold   . . .      Faith    .   (no shield)
rNeg    . . .      Spirit   .   (body armour unavailable)
rPois   .          Reflect  .   (helmet restricted)
rElec   .          Harm     .   (no cloak)
rCorr   .          Rampage  .   (no gloves)
Will    .....                   (no boots)
Stlth   +++.......              (no amulet)
HPRegen 0.09/turn               (no ring)
MPRegen 0.08/turn               (no ring)

@: heavily drained
A: AC +5, unfitting armour, cold-blooded
a: no special abilities


You were on level 4 of the Dungeon.
You visited 1 branch of the dungeon, and saw 2 of its levels.

You collected 18 gold pieces.

Inventory:

Hand Weapons
 a - a +0 short sword (weapon)
Jewellery
 c - a ring of willpower
Wands
 f - a wand of digging (3)
Scrolls
 b - a scroll of fog
 d - a scroll of fear
Potions
 e - a potion of haste


   Skills:
 + Level 3.5 Fighting
 + Level 2.0 Short Blades
 + Level 1.9 Dodging
 + Level 5.3 Stealth


You had 2 spell levels left.
You didn't know any spells.
Your spell library was empty.

Dungeon Overview and Level Annotations

Branches:
Dungeon (5/15)
 Temple: D:4-7

Altars:


Innate Abilities, Weirdness & Mutations

Your plain brown scales are hard. (AC +5)
You cannot fit into any form of body armour.
You are cold-blooded and may be slowed by cold attacks.


Message History

You hit the kobold.
You kill the kobold!
No target in view!
No target in view!
No target in view!
No target in view!
No target in view!
No target in view!
No target in view!
No target in view!
No target in view!
No target in view!
No target in view!
No target in view!
No target in view!
No target in view!
Found a cabochon ring.
An orc comes into view. It is wielding a +0 whip.
The orc shouts!
You hear a shout!
An orc comes into view.
It is wielding a +1 morningstar of draining.
An orc wizard comes into view.
It is wielding a +0 dagger of electrocution.
You see here a ring of willpower.
c - a ring of willpower The orc closely misses you.
The orc wizard shouts!
You hit the orc.
You tail-slap the orc, but do no damage.
The orc is almost dead.
The orc barely misses you.
You hit the orc but do no damage.
The orc is almost dead.
The orc closely misses you.
The orc hits you with a +1 morningstar of draining!
You feel drained.
You hit the orc but do no damage. You punch the orc.
You kill the orc!
The orc hits you with a +1 morningstar of draining!
* * * LOW HITPOINT WARNING * * *
You feel drained.
You die...

**......<..........#*,,,*,,≈,,,≈
*#..#......#..#...,*,***,,≈,≈≈≈
#**#......##.#.#*,,,# *,,≈,≈≈≈
###....#....##,,.#**,,≈,,,,
#..........#*...**,,≈≈≈≈≈
##.........#..#,,*,,,,,,,
##............***,,,,,,,
#........##,**,********
*##....@o.#*****,,,,,**
#.......)..#****,,,,,,*
*#...........#*,**,*,,,**
#...............,,****,,*
*#............o..,,**,,,,,
*#................,,,,,,,,*
*..........##.....,,,,,,,,,
*,,........#*##...,,,,,,,,,
*,,,,,,,,,******,,,*,,,,,,,


You could see an orc wizard and an orc.

Vanquished Creatures
  A hound (D:5)
  An orc (D:4)
  A kobold (D:4)
  2 ball pythons (D:4)
5 creatures vanquished.

Notes
Turn   | Place    | Note
-------+----------+-------------------------------------------
     0 | D:5      | DocClef the Draconian Delver began the quest for the Orb.
     0 | D:5      | Reached XP level 1. HP: 19/19 MP: 1/1
    48 | D:5      | Noticed a hound
    57 | D:5      | Killed a hound
    58 | D:5      | Reached skill level 5 in Stealth
    58 | D:5      | Reached XP level 2. HP: 26/26 MP: 2/2
    58 | D:5      | Reached XP level 3. HP: 31/31 MP: 3/3
   119 | D:4      | Slain by an orc

Illustrated notes

Levels and vault maps discovered:
D:4:      layout_cave_pools, nicolae_ossuary_entry_monument,
          grunt_ministairs_11, kennysheep_small_spiral
D:5:      layout_rooms, kennysheep_cluttered_room, water_maze_lemuel

Skill      XL: |  1 |
---------------+----+-----
Stealth        | 5 |  5.3
Fighting       | |  3.5
Short Blades   | |  2.0
Dodging        | |  1.9

Action                   || total
-------------------------++-------
Melee: Short sword       ||    14
       Tailslap          ||     1
       Punch             ||     1
  Use: Scroll            ||     1
 Stab: Sleeping          ||     1
Armor: Skin              ||     2
Dodge: Dodged            ||    21

Table legend: (Time is in decaauts)
 A = Elapsed time spent in this place.
 B = Non-inter-level travel time spent in this place.
 C = Inter-level travel time spent in this place.
 D = Time resting spent in this place.
 E = Time spent auto-exploring this place.
 F = Levels seen in this place.
 G = Mean time per level.
                   A        B        C        D        E       F      G
               +--------+--------+--------+--------+--------+-----+--------+
         Total |    118 |    118 |      0 |      0 |     73 |   2 |   59.0 |
       Dungeon |    118 |    118 |      0 |      0 |     73 |   2 |   59.0 |
               +--------+--------+--------+--------+--------+-----+--------+

Top non-repeatable levels by time:
     D:5: 93 daAuts
     D:4: 25 daAuts
